 Dungeon Crawl Stone Soup version 0.28-a0-577-gb193047a1f (webtiles) character file.

Game seed: 14964499737055436297

13 iamoutofideas the Chopper (level 2, -1/26 HPs)
             Began as a Hill Orc Berserker on Oct 2, 2021.
             Was a Follower of Trog.
             Slain by a ball python (2 damage)
             ... on level 1 of the Dungeon.
             The game lasted 00:00:48 (288 turns).

iamoutofideas the Chopper (Hill Orc Berserker)       Turns: 288, Time: 00:00:49

Health: -1/26      AC:  2    Str: 19    XL:     2   Next: 37%
Magic:  2/2        EV:  8    Int:  7    God:    Trog [*.....]
Gold:   6          SH:  0    Dex: 10    Spells: 1/1 levels left

rFire   . . .      SeeInvis .   a - +0 hand axe
rCold   . . .      Faith    .   (no shield)
rNeg    . . .      Spirit   .   b - +0 animal skin
rPois   .          Reflect  .   (no helmet)
rElec   .          Harm     .   (no cloak)
rCorr   .          Rampage  .   (no gloves)
Will    .....                   (no boots)
Stlth   +.........              (no amulet)
HPRegen 0.08/turn               (no ring)
MPRegen 0.08/turn               (no ring)

@: on berserk cooldown, slowed, constricted, very slow
A: no striking features
a: Renounce Religion, Berserk


You were on level 1 of the Dungeon.
You worshipped Trog.
Trog was aware of your devotion.
You visited 1 branch of the dungeon, and saw 1 of its levels.

You collected 6 gold pieces.

Inventory:

Hand Weapons
 a - a +0 hand axe (weapon)
Armour
 b - a +0 animal skin (worn)
Scrolls
 c - a scroll of magic mapping {unknown}
 d - a scroll of fog {unknown}


   Skills:
 - Level 3.6 Fighting
 + Level 5.0 Axes
 - Level 2.1 Armour
 - Level 1.5 Dodging


You had one spell level left.
You didn't know any spells.
Your spell library was empty.

Dungeon Overview and Level Annotations

Branches:
Dungeon (1/15)

Altars:


Message History

You hit the kobold.
You kill the kobold!
Trog accepts your kill.
Your Axes skill increases to level 5!
Things that are here:
a +0 dagger; 5 stones; a kobold corpse You feel a strong urge to attack something.
You are no longer berserk.
You are exhausted.
You feel yourself slow down. The kobold barely misses you.
The kobold hits you with a +0 short sword.
* * * LOW HITPOINT WARNING * * *
You see here 9 gold pieces.
You hit the kobold.
The kobold is heavily wounded.
A ball python comes into view.
The kobold hits you with a +0 short sword.
* * * LOW HITPOINT WARNING * * *
The kobold hits you with a +0 short sword.
* * * LOW HITPOINT WARNING * * *
The ball python hisses angrily.
The kobold closely misses you. x2
The kobold completely misses you.
The kobold hits you with a +0 short sword.
* * * LOW HITPOINT WARNING * * *
The kobold hits you with a +0 short sword.
* * * LOW HITPOINT WARNING * * *
The ball python closely misses you. The ball python barely misses you.
You see here 21 stones.
A ball python comes into view.
The ball python hisses angrily.
A giant cockroach comes into view.
The giant cockroach moves out of view.
The ball python closely misses you. x2
Okay, then.
The ball python bites you but does no damage.
The ball python grabs you. The ball python constricts you.
The ball python bites you.
You die...

#...##
#.......
#.###
#####).# #.
#.# #.## .
#.# #.'. #.
#.# #### #.
#.# # #..#.#
#.#.## .
#.S@.## ##..
###S..# ...#
##K#.###..#.#
#.(..........
#..#..#.....#
#..#.†#.#####
###..#....#
#....#.†.##
#.##.).)..#


You could see 2 ball pythons and a kobold.

Vanquished Creatures
  A dart slug (D:1)
  2 giant cockroaches (D:1)
  A hobgoblin (D:1)
  3 ball pythons (D:1)
  3 kobolds (D:1)
10 creatures vanquished.

Notes
Turn   | Place    | Note
-------+----------+-------------------------------------------
     0 | D:1      | iamoutofideas the Hill Orc Berserker began the quest for
                  | the Orb.
     0 | D:1      | Reached XP level 1. HP: 19/19 MP: 1/1
   262 | D:1      | Reached XP level 2. HP: 14/26 MP: 2/2
   272 | D:1      | Reached skill level 5 in Axes
   285 | D:1      | HP: 1/26 [kobold (3)]
   288 | D:1      | Slain by a ball python

Illustrated notes

Levels and vault maps discovered:
D:1:      evilmike_arrival_plus, layout_rooms, chequers_ecumenical_altar_island

Skill      XL: |  1  2 |
---------------+-------+-----
Axes           | 5 |  5.0
Fighting       | |  3.6
Armour         | |  2.1
Dodging        | |  1.5

Action                   || total
-------------------------++-------
Melee: Hand axe          ||    28
Invok: Berserk           ||     1
 Stab: Sleeping          ||     1
Armor: Animal skin       ||     9
Dodge: Dodged            ||    30

Table legend: (Time is in decaauts)
 A = Elapsed time spent in this place.
 B = Non-inter-level travel time spent in this place.
 C = Inter-level travel time spent in this place.
 D = Time resting spent in this place.
 E = Time spent auto-exploring this place.
 F = Levels seen in this place.
 G = Mean time per level.
                   A        B        C        D        E       F      G
               +--------+--------+--------+--------+--------+-----+--------+
         Total |    293 |    293 |      0 |      0 |    221 |   1 |  293.0 |
       Dungeon |    293 |    293 |      0 |      0 |    221 |   1 |  293.0 |
               +--------+--------+--------+--------+--------+-----+--------+

Top non-repeatable levels by time:
     D:1: 293 daAuts
